cohdb
Replays
Latest Replays
All Replays
Popular Replays
Top Player Replays
Match Explorer
How It Works
Community
CoH3 Stats
Reddit
Sign in to upload your games and track your stats! →
Sign in with Steam
Match 42507217
Unlisted
Match 42507217
Overview
Messages
Build Orders
End
Construct Barracks
Selects Heavy Weapons
Riflemen Squad
Riflemen Squad
M1 Mortar Team
Riflemen Squad
Air Support Center
Selects Assault Carriers
Grasshopper Recon Run
Grenade Package
Construct Motor Pool
P-47 Strafing Run
M8 Greyhound Armored Car
Grasshopper Recon Run
Construct Medical Station
Engineer Squad
M8 Greyhound Armored Car
Selects Exchangeable Parts
M1918 Browning Automatic Rifles
Grasshopper Recon Run
P-47 Strafing Run
P-47 Dive Bomb
homig
kerem
ShadowStorm
Hanzz
Caesar
★ BLACK HAWK ★
✠ Eurocopter Tiger ✠
iPlayWithChickens
0
0
Comments
sign in to comment!
No comments posted yet!